 Dungeon Crawl Stone Soup version bcrawl-1.41.1 (webtiles) character file.

Game seed: 3051592176400925471

7435374 Artagas the Bludgeoner (level 17, -9/152 HPs)
             Began as a Demigod Monk on Apr 16, 2024.
             Killed by the raging water
             ... invoked by a water nymph
              (21 damage)
             ... on level 1 of the Shoals on Apr 18, 2024.
             The game lasted 01:28:44 (38220 turns).

Artagas the Bludgeoner (Demigod Monk)              Turns: 38220, Time: 01:28:45

Health: -9/152     AC: 23    Str: 26    XL:     17   Next: 44%
Magic:  28/28      EV: 17    Int: 16    God:    Demigod [******]
Gold:   468        SH:  0    Dex: 25    Spells: 16/16 levels left

rFire    . . .     GDR:     43% b - +8 arbalest of Truth {elec, rPois Str+3}
rCold    . . .     SeeInvis .   (shield currently unavailable)
rNeg     . . .     Gourm    .   R - +3 chain mail
rPois    +         Faith    .   V - +0 hat
rElec    .         Spirit   .   B - +2 cloak {MR+}
rCorr    .         Reflect  .   u - +0 pair of gloves
MR       ++...                  x - +1 pair of boots
Stlth    +.........             E - amulet "Axtaev" {Acrobat Dex+6}
HPRegen  0.35/turn              Z - ring of flight
MPRegen  0.21/turn              o - ring of poison resistance

@: heroism, flying
A: high mp 1
}: 1/15 runes: serpentine
a: Temporal Distortion, Growth, Major Destruction, Heroism, Divine Shield,
Smiting, Stop Flying


You were on level 1 of the Shoals.
You worshipped Demigod.
Demigod was exalted by your worship.
You were not hungry.

You visited 5 branches of the dungeon, and saw 23 of its levels.
You also visited: Ossuary.

You collected 2661 gold pieces.
You spent 2193 gold pieces at shops.

Inventory:

Hand Weapons
 a - a +2 great mace
   (You took it off a death knight on level 11 of the Dungeon)
 b - the +8 arbalest of Truth (weapon) {elec, rPois Str+3}
   (You found it on level 3 of the Lair of Beasts)

   It charges the ammunition it shoots with electricity; occasionally upon a
   hit, such missiles may discharge and cause terrible harm.
   It affects your strength (+3).
   It protects you from poison.
Missiles
 y - 85 javelins
 z - 3 throwing nets {=f}
 Q - 1513 bolts (quivered)
Armour
 u - a +0 pair of gloves (worn)
   (You found it on level 3 of the Dungeon)
 x - a +1 pair of boots (worn)
   (You found it on level 3 of the Dungeon)
 B - a +2 cloak of magic resistance (worn)
   (You found it on level 2 of the Dungeon)
 R - a +3 chain mail (worn)
   (You took it off an orc warrior on level 8 of the Dungeon)
 V - a +0 hat (worn)
Jewellery
 c - an uncursed ring of protection from cold
   (You found it on level 9 of the Dungeon)
 i - an uncursed ring of see invisible
   (You took it off a salamander mystic on level 3 of the Snake Pit)
 o - a ring of poison resistance (right hand)
   (You took it off a skeletal warrior on level 10 of the Dungeon)
 E - the amulet "Axtaev" (around neck) {Acrobat Dex+6}
   (You bought it in a shop on level 1 of the Snake Pit)

   [amulet of the acrobat]

   It helps you evade while moving and waiting.
   It affects your dexterity (+6).
 X - an uncursed ring of insulation
   (You found it on level 6 of the Lair of Beasts)
 Z - a ring of flight (left hand)
   (You found it on level 3 of the Dungeon)
Wands
 v - a wand of digging (7)
   (You found it on level 10 of the Dungeon)
 C - a wand of disintegration (14)
   (You found it on level 5 of the Dungeon)
 H - a wand of clouds (1)
   (You bought it in a shop on level 1 of the Snake Pit)
 L - a wand of flame (66)
   (You found it on level 7 of the Dungeon)
 P - a wand of paralysis (15)
   (You found it on level 3 of the Lair of Beasts)
 W - a wand of iceblast (4)
   (You found it on level 12 of the Dungeon)
Scrolls
 g - 5 scrolls of revelation
 k - 9 scrolls of remove curse
 t - 7 scrolls of teleportation
 A - 6 scrolls of fog
 D - a scroll of silence
 G - a scroll of fear
 I - 2 scrolls of immolation
 U - a scroll of noise
Potions
 d - 5 potions of might
 h - 9 potions of haste
 l - 4 potions of invisibility
 p - 3 potions of ambrosia
 q - 7 potions of curing
 s - 3 potions of agility
 w - a potion of heal wounds
 F - a potion of magic
 J - 2 potions of brilliance
 M - 2 potions of flight
 N - 7 potions of lignification
 O - a potion of berserk rage
 S - 3 potions of resistance
 T - 3 potions of cancellation
 Y - 5 potions of mutation
Miscellaneous
 f - a sack of spiders
   (You found it on level 1 of the Snake Pit)
 j - a phial of floods
   (You found it on level 3 of the Snake Pit)
 K - a phantom mirror
Comestibles
 e - 23 rations {!d}
 m - 2 chunks of flesh


   Skills:
 + Level 14.2(19.2) Fighting
 - Level 15.0(20.0) Maces & Flails
 - Level 15.0(20.0) Crossbows
 - Level 4.0(9.0) Throwing
 + Level 9.0(14.0) Armour
 - Level 4.0(9.0) Dodging
 - Level 2.0(7.0) Stealth
   Level 6.0(11.0) Shields
 - Level 10.0 Invocations
 - Level 6.0 Evocations


You had 16 spell levels left.
You didn't know any spells.
Your spell library contained the following spells:

 Spells                   Type           Power        Failure   Level  Hunger
 Flame Tongue             Conj/Fire      #....        69%         1    None
 Static Discharge         Air            #.....       69%         1    None
 Sting                    Conj/Pois      #...         69%         1    None
 Summon Small Mammal      Summ           #...         69%         1    None
 Call Imp                 Summ           #.....       83%         2    ####...
 Flaming Arrows           Chrm/Fire      #.......     83%         2    ####...
 Poisonous Vapours        Pois/Air       #.....       83%         2    ####...
 Shock                    Conj/Air       #......      83%         2    ####...
 Swiftness                Chrm/Air       #.......     83%         2    ####...
 Call Canine Familiar     Summ           #.......     96%         3    #####..
 Conjure Flame            Conj/Fire      #.......     96%         3    #####..
 Ignite Poison            Fire/Tmut/Pois #.......     96%         3    #####..
 Inner Flame              Hex/Fire       N/A          96%         3    #####..
 Mephitic Cloud           Conj/Pois/Air  #.......     96%         3    #####..
 Recall                   Summ/Tloc      N/A          96%         3    #####..
 Regeneration             Chrm/Necr      #.........   96%         3    #####..
 Animate Dead             Necr           N/A          100%        4    ######.
 Lightning Bolt           Conj/Air       #.......     100%        4    ######.
 Olgreb's Toxic Radiance  Pois           #........    100%        4    ######.
 Sticky Flame             Conj/Fire      #.......     100%        4    ######.
 Summon Ice Beast         Ice/Summ       #.......     100%        4    ######.
 Summon Scorpions         Summ/Pois      #.......     100%        4    ######.
 Tree Form                Hex/Tmut       N/A          100%        4    ######.
 Bolt of Magma            Conj/Fire/Erth #.........   100%        5    #######
 Dispel Undead            Necr           #.......     100%        5    #######
 Fireball                 Conj/Fire      #.........   100%        5    #######
 Summon Lightning Spire   Summ/Air       #.......     100%        5    #######
 Venom Bolt               Conj/Pois      #.........   100%        5    #######
 Death Channel            Chrm/Necr      #.........   100%        6    #######
 Iron Shot                Conj/Erth      #.........   100%        6    #######
 Simulacrum               Ice/Necr       #.......     100%        6    #######
 Statue Form              Tmut/Erth      #........    100%        6    #######
 Dragon Form              Tmut           #......      100%        7    #######
 Necromutation            Tmut/Necr      #.......     100%        8    #######
 Shatter                  Erth           #.........   100%        9    #######


Dungeon Overview and Level Annotations

Branches:
Dungeon (12/12)            Temple (0/1) D:7            Lair (6/6) D:9
 Shoals (1/3) Lair:3        Snake (3/3) Lair:4        Slime (0/5) Orc
    Orc (1/1) D:11            Elf (0/3) Lair:6       Vaults (0/3) D:12
 Depths (0/5) D:12

Shops:
D:9 !   Orc ([((!   Snake:1 =}=   Snake:3 %

Annotations:
D:4 1 runed translucent door, Wachungys's ghost, amateur NaWn
D:7 1 runed door
Lair:2 1 runed translucent door, Mehrunes's ghost, journeyman GrGl
Lair:4 3 runed translucent doors, Bananafolds's ghost, journeyman MfSk
Lair:6 1 runed translucent door, Galewind's ghost, journeyman AvCj


Innate Abilities, Weirdness & Mutations

You have an increased reservoir of magic. (+10% MP)


Message History

The merfolk closely misses you.
The faun shoots a stone.
The stone closely misses you.
A faun comes into view. It is wielding a +0 club.
You gain the combat prowess of a mighty hero.
You feel sick.
The merfolk hits you but does no damage.
The faun shoots a stone.
The stone closely misses you.
The wind drake exhales a fierce blast of wind!
You are blown backwards!
The water nymph gestures at you. The torrent of water hits you!!
You are knocked back by the torrent of water.
The wave splashes down.
You hear a shout! x2; You hear an angry hiss.
You hear a shout!
You hear a screech! x3; You hear a shout! x2; You hear a screech!
You hear an angry hiss.
You hear a screech!
You hear a bleat! x2
You hear a screech!
You hear a bleat!
You hear a shout! x2; You hear a bleat!
You hear a shout!
You hear an angry hiss.
You hear a shout! x2
You feel stronger.
You hear the crackle of electricity.
b - the +8 arbalest of Truth (weapon)
{elec, rPois Str+3} The water nymph gestures at you.
The water rises up and strikes you!
The faun shoots a stone.
The stone closely misses you.
The faun shoots a stone.
The stone misses you.
You feel sick. The water nymph gestures at you.
The torrent of water misses you.
The wave splashes down.
You hear an angry hiss.
A sea snake comes into view.
A water nymph comes into view.
The water nymph gestures at you.
You shrug off the wave.
The torrent of water hits you but does no damage.
You are knocked back by the torrent of water.
The wave splashes down.
You hear an angry hiss.
You hear a shout!
You hear a bleat! x3
Evoke which item? (* to show all) (? for menu, Esc to quit)
Aiming: Cloud Cone
Press: ? - help, Dir - move target cursor, f/p - merfolk
Aim: a merfolk, wielding a +0 trident (heavily wounded)
You create a blast of flame!
You feel sick. The sea snake misses you.
The merfolk is engulfed in blazing flames.
A water nymph comes into view.
The water nymph gestures at you. The water rises up and strikes you!!
The merfolk is engulfed in blazing flames.
The sea snake bites you but does no damage.
Firing (i - inventory. (/) - cycle)
Q - 1514 bolts (quivered)
Press: ? - help, Shift-Dir - straight line, f - sea snake, p - merfolk
Aim: a sea snake You shoot a bolt.
The bolt hits the sea snake.
The sea snake is lightly wounded.
The wind drake is engulfed in blazing flames.
The water nymph gestures at you. The water rises up and strikes you!!
* * * LOW HITPOINT WARNING * * *
The water nymph gestures at you. The water rises up and strikes you!!
* * * LOW HITPOINT WARNING * * *
The sea snake bites you.
* * * LOW HITPOINT WARNING * * *
You are lethally poisoned!
The sea snake poisons you!
The merfolk is engulfed in blazing flames.
You kill the merfolk!
Your kill strengthens your divinity.
Okay, then.
You feel much better.
* * * LOW HITPOINT WARNING * * *
You feel very sick. The sea snake bites you!
* * * LOW HITPOINT WARNING * * *
You are more poisoned.
The sea snake poisons you!
The wind drake is engulfed in blazing flames.
The water nymph gestures at you. The torrent of water misses you.
The wave splashes down.
The water nymph gestures at you. The torrent of water misses you.
The wave splashes down.
The sea snake bites you!
* * * LOW HITPOINT WARNING * * *
You hear a shout!
You hear an angry hiss.
You feel much better.
* * * LOW HITPOINT WARNING * * *
You feel very sick.
The wind drake is engulfed in blazing flames.
The sea snake misses you.
The wind drake is engulfed in blazing flames.
The wind drake bites you but does no damage.
Unknown command.
Okay, then.
You feel better. The sea snake closely misses you.
The water nymph gestures at you. The water rises up and strikes you!!
* * * LOW HITPOINT WARNING * * *
The water nymph gestures at you. The water rises up and strikes you!!
You die...
Your divinity fades.

≈≈.###### ≈≈≈≈≈≈≈.##
≈≈≈≈≈ #.≈≈≈≈≈≈.# ≈≈≈≈≈
##≈≈≈≈≈≈≈### ≈≈≈≈≈≈
..≈≈≈≈≈≈≈≈k## .≈≈≈≈≈
≈≈≈≈≈≈≈≈≈≈≈≈## #.≈≈≈≈≈
.≈≈≈≈..c≈≈c≈§####..≈≈≈≈≈
##...c####≈m§§§§≈.≈≈≈≈≈≈
#.... ##m§§§k@S≈≈≈≈≈.
...c. #≈§§.≈≈≈≈≈≈≈≈. ≈
#....≈≈≈≈≈≈≈≈.
#....≈..≈m≈≈..
####....≈≈≈≈≈#
#...≈.≈≈≈≈# .....)≈≈≈≈≈
......≈≈≈≈≈≈


You could see a sea snake, a wind drake, a faun and 3 water nymphs.

Vanquished Creatures
  A sphinx (Lair:4)
  8 nagarajas
  Roxanne (Snake:3)
  An orc warlord (Orc)
  Nessos (D:12)
  A fire dragon (D:12)
  2 vault guards (D:12)
  2 rakshasas
  3 hydras
  18 naga warriors
  2 catoblepae
  An ice dragon (D:12)
  An alligator (Lair:5)
  7 anacondas (Snake:3)
  2 death knights (D:11)
  4 two-headed ogres
  A tengu warrior (D:12)
  9 death yaks
  3 orc high priests (Orc)
  5 shock serpents
  12 naga sharpshooters
  A fire crab (Lair:6)
  A centaur warrior (D:9)
  5 salamander mystics
  4 skeletal warriors (D:10)
  14 naga ritualists
  A deep elf archer (D:10)
  3 cyclopes
  A wolf spider zombie (D:10)
  An orc knight (Orc)
  23 naga magi
  4 anaconda skeletons (Lair:4)
  2 ugly things
  10 mana vipers
  An oklob plant (Lair:1)
  15 salamanders
  2 orc sorcerers (Orc)
  A manticore (D:12)
  12 elephants
  2 guardian serpents
  32 black mambas
  2 gargoyles
  10 cane toads
  8 komodo dragons
  A tengu conjurer (D:12)
  An efreet (D:12)
  2 rime drakes (Lair:3)
  An eye of draining (D:12)
  A freezing wraith (D:11)
  3 merfolk (Shoals:1)
  8 trolls
  9 polar bears (Lair:6)
  Prince Ribbit (D:6)
  3 harpy skeletons
  13 dream sheep
  A slime creature (D:9)
  11 blink frogs
  7 hippogriffs
  Grum (D:11)
  A shadow (D:11)
  Sigmund (D:6)
  A wyvern (Lair:6)
  A vampire (D:9)
  3 wraiths
  Eustachio (D:5)
  4 hogs (D:7)
  3 basilisks
  71 yaks
  11 humans
  2 hungry ghosts
  A naga (shapeshifter) (D:11)
  6 wargs
  7 crocodiles
  An acid dragon (D:11)
  46 nagas
  17 hell hounds (Lair:6)
  12 water moccasins
  13 porcupines
  12 black bears
  21 orc warriors
  2 phantoms
  2 sky beasts
  4 ice beasts
  3 ogres
  39 wolves
  17 bullfrogs
  A kobold brigand (D:11)
  10 centaurs
  7 scorpions (Ossuary)
  11 killer bees
  5 wights
  An electric eel (Lair:2)
  3 howler monkeys
  16 orc priests
  A bullfrog zombie (D:7)
  6 crimson imps
  18 orc wizards
  A human zombie (Ossuary)
  5 jellies
  9 hounds
  8 worker ants
  3 iguanas
  2 hound skeletons
  3 hound zombies
  3 mummies (Ossuary)
  A howler monkey zombie (D:5)
  A worker ant zombie (D:9)
  6 adders
  A centaur zombie (Ossuary)
  4 gnolls (D:6)
  A howler monkey skeleton (D:7)
  6 scorpion zombies (Ossuary)
  2 shadow imps
  2 adder skeletons (D:5)
  A worm (D:3)
  3 dart slugs
  2 leopard geckos (D:2)
  71 orcs
  4 ball pythons
  A giant cockroach (D:1)
  A goblin (D:2)
  7 hobgoblins
  3 jackals (D:3)
  5 quokkas
  2 training dummies (D:7)
  7 bats
  4 frilled lizards
  A gnoll zombie (Ossuary)
  2 goblin zombies (Ossuary)
  3 hobgoblin zombies (Ossuary)
  5 kobolds
  4 kobold zombies
  6 rats
874 creatures vanquished.

Vanquished Creatures (others)
  A nagaraja (Snake:3)
  A naga ritualist (Snake:1)
  2 black mambas (Snake:2)
  A black bear (Lair:6)
  An orc wizard (D:4)
  19 fungi
  29 plants
54 creatures vanquished.

Grand Total: 928 creatures vanquished

Notes
Turn   | Place    | Note
-------+----------+-------------------------------------------
     0 | D:1      | Artagas the Demigod Monk began the quest for the Orb.
     0 | D:1      | Reached XP level 1. HP: 18/18 MP: 5/5
   569 | D:1      | Reached ** piety under Demigod
   597 | D:1      | Reached skill level 3 in Fighting
   597 | D:1      | Reached skill level 3 in Maces & Flails
   612 | D:1      | Reached XP level 2. HP: 26/26 MP: 6/6
  1249 | D:2      | Found a white marble altar of Elyvilon.
  1269 | D:2      | Reached XP level 3. HP: 31/31 MP: 7/7
  2089 | D:3      | Reached *** piety under Demigod
  2112 | D:3      | Reached XP level 4. HP: 29/40 MP: 8/8
  2486 | D:3      | Reached skill level 4 in Fighting
  2486 | D:3      | Reached skill level 4 in Maces & Flails
  2930 | D:4      | Noticed a phantom
  3073 | D:4      | Reached XP level 5. HP: 41/46 MP: 9/9
  3121 | D:4      | Killed a phantom
  3122 | D:4      | Reached skill level 1 in Throwing
  3226 | D:4      | Reached XP level 6. HP: 53/53 MP: 10/10
  3249 | D:4      | Found a sacrificial altar of Ru.
  3388 | D:4      | Reached skill level 2 in Throwing
  3627 | D:4      | Reached skill level 5 in Maces & Flails
  3712 | D:4      | Reached skill level 5 in Fighting
  3919 | D:4      | Found a runed translucent door.
  3921 | D:4      | Noticed Wachungys's ghost (amateur NaWn)
  4013 | D:5      | Entered Level 5 of the Dungeon
  4021 | D:5      | Reached XP level 7. HP: 52/61 MP: 11/11
  4044 | D:5      | Noticed Eustachio
  4058 | D:5      | Killed Eustachio
  4059 | D:5      | Reached skill level 3 in Throwing
  4125 | D:5      | Found a sand-covered staircase.
  4136 | Ossuary  | Entered an ossuary
  4181 | Ossuary  | Reached **** piety under Demigod
  4421 | Ossuary  | Reached XP level 8. HP: 65/70 MP: 13/13
  4454 | Ossuary  | Reached skill level 4 in Throwing
  4496 | Ossuary  | Reached skill level 6 in Fighting
  4496 | Ossuary  | Reached skill level 6 in Maces & Flails
  4520 | Ossuary  | HP: 10/70 [poisoned by a scorpion]
  4526 | Ossuary  | HP: 10/70 [poisoned by a scorpion]
  5118 | D:5      | Found a glowing golden altar of the Shining One.
  5164 | D:5      | Found a basalt altar of Yredelemnul.
  5413 | D:6      | Reached skill level 1 in Evocations
  5533 | D:6      | Reached skill level 1 in Armour
  5550 | D:6      | Reached skill level 7 in Maces & Flails
  5584 | D:6      | Reached skill level 7 in Fighting
  5685 | D:6      | Reached skill level 2 in Evocations
  5726 | D:6      | Reached XP level 9. HP: 75/79 MP: 14/14
  5819 | D:6      | Reached skill level 2 in Armour
  5840 | D:6      | Noticed Prince Ribbit
  5870 | D:6      | Killed Prince Ribbit
  5908 | D:6      | Noticed Sigmund
  5911 | D:6      | Killed Sigmund
  5912 | D:6      | Reached skill level 3 in Evocations
  6341 | D:7      | Reached skill level 3 in Invocations
  6429 | D:7      | Reached skill level 3 in Armour
  6501 | D:7      | Noticed a troll
  6528 | D:7      | Killed a troll
  6529 | D:7      | Reached skill level 4 in Invocations
  6662 | D:7      | Reached ***** piety under Demigod
  6770 | D:7      | Reached skill level 8 in Fighting
  6770 | D:7      | Reached skill level 4 in Evocations
  6946 | D:7      | Reached skill level 8 in Maces & Flails
  7148 | D:7      | Noticed a troll
  7158 | D:7      | Reached skill level 4 in Armour
  7158 | D:7      | Reached XP level 10. HP: 84/88 MP: 17/17
  7169 | D:7      | Reached skill level 5 in Invocations
  7369 | D:7      | Found a runed door.
  7501 | D:7      | Reached skill level 6 in Invocations
  7807 | D:7      | Found a staircase to the Ecumenical Temple.
  7814 | D:7      | Got a steaming bronze ring
  7989 | D:8      | Identified the cursed ring "Ytemih" {Ice Str+4 Int-4} (You
                  | found it on level 7 of the Dungeon)
  8351 | D:8      | Noticed a gargoyle
  8361 | D:8      | Killed a gargoyle
  8362 | D:8      | Reached skill level 7 in Invocations
  8916 | D:9      | Reached skill level 9 in Fighting
  8916 | D:9      | Reached skill level 9 in Maces & Flails
  9177 | D:9      | Found Adev's Distillery.
  9180 | D:9      | Noticed a two-headed ogre
  9194 | D:9      | Noticed a centaur warrior
  9196 | D:9      | Killed a two-headed ogre
  9197 | D:9      | Reached skill level 8 in Invocations
  9208 | D:9      | Killed a centaur warrior
  9209 | D:9      | Reached XP level 11. HP: 97/97 MP: 20/20
  9219 | D:9      | Bought a potion of curing for 37 gold pieces
  9219 | D:9      | Bought a potion of haste for 150 gold pieces
  9219 | D:9      | Bought a potion of curing for 37 gold pieces
  9219 | D:9      | Bought a potion of heal wounds for 75 gold pieces
  9219 | D:9      | Bought a potion of haste for 150 gold pieces
  9219 | D:9      | Bought a potion of curing for 37 gold pieces
  9219 | D:9      | Bought a potion of agility for 60 gold pieces
  9219 | D:9      | Bought 2 potions of cancellation for 150 gold pieces
  9241 | D:9      | Found a staircase to the Lair.
  9242 | D:9      | Noticed a death yak
  9263 | D:9      | Noticed a death yak
  9265 | D:9      | Noticed a death yak
  9273 | D:9      | Killed a death yak
  9289 | D:9      | Killed a death yak
  9295 | D:9      | Killed a death yak
  9296 | D:9      | Reached skill level 10 in Fighting
  9296 | D:9      | Reached skill level 10 in Maces & Flails
  9647 | D:9      | Noticed a two-headed ogre
  9658 | D:9      | Killed a two-headed ogre
  9699 | D:9      | Noticed a two-headed ogre
  9703 | D:9      | Killed a two-headed ogre
 10136 | Lair:1   | Entered Level 1 of the Lair of Beasts
 10413 | Lair:1   | Reached skill level 11 in Maces & Flails
 10439 | Lair:1   | Reached skill level 11 in Fighting
 10741 | Lair:1   | Reached skill level 1 in Shields
 10837 | Lair:1   | Noticed an oklob plant
 10853 | Lair:1   | Killed an oklob plant
 11288 | Lair:2   | Reached XP level 12. HP: 87/110 MP: 21/21
 11302 | Lair:2   | Reached skill level 2 in Shields
 11959 | Lair:2   | Noticed a six-headed hydra
 11964 | Lair:2   | Killed a six-headed hydra
 11965 | Lair:2   | Reached skill level 3 in Shields
 11978 | Lair:2   | Noticed Mehrunes's ghost (journeyman GrGl)
 11983 | Lair:2   | Found a runed translucent door.
 12160 | Lair:2   | Reached skill level 4 in Shields
 13028 | Lair:2   | Reached skill level 5 in Shields
 13309 | Lair:3   | Noticed a five-headed hydra
 13608 | Lair:3   | Killed a five-headed hydra
 13609 | Lair:3   | Reached skill level 6 in Shields
 13730 | Lair:3   | Reached skill level 12 in Maces & Flails
 13759 | Lair:3   | Reached skill level 12 in Fighting
 14078 | Lair:3   | Got a twisted arbalest
 14092 | Lair:3   | Found a staircase to the Shoals.
 14220 | Lair:3   | Reached XP level 13. HP: 115/119 MP: 22/22
 14407 | Lair:3   | Identified the +8 arbalest of Truth {elec, rPois Str+3}
                  | (You found it on level 3 of the Lair of Beasts)
 15100 | Lair:4   | Found a runed translucent gate.
 15100 | Lair:4   | Found a runed translucent gate.
 15100 | Lair:4   | Found a runed translucent gate.
 15105 | Lair:4   | Noticed Bananafolds's ghost (journeyman MfSk)
 15123 | Lair:4   | Reached skill level 3 in Dodging
 15127 | Lair:4   | Reached skill level 1 in Crossbows
 15261 | Lair:4   | Found a staircase to the Snake Pit.
 15261 | Lair:4   | Noticed a sphinx
 15916 | Lair:4   | Killed a sphinx
 15917 | Lair:4   | Reached skill level 2 in Crossbows
 16437 | Lair:4   | Reached skill level 9 in Invocations
 16448 | Lair:4   | Reached skill level 3 in Crossbows
 16464 | Lair:4   | Reached skill level 5 in Armour
 16464 | Lair:4   | Reached skill level 4 in Dodging
 17090 | Lair:5   | Reached skill level 4 in Crossbows
 18323 | Lair:6   | Entered Level 6 of the Lair of Beasts
 18618 | Lair:5   | Reached skill level 5 in Crossbows
 18936 | Lair:6   | Reached XP level 14. HP: 111/127 MP: 24/24
 18952 | Lair:6   | Reached skill level 13 in Fighting
 18985 | Lair:5   | Reached skill level 13 in Maces & Flails
 18985 | Lair:5   | Reached skill level 6 in Armour
 19025 | Lair:6   | Reached skill level 6 in Crossbows
 19432 | Lair:6   | Reached skill level 7 in Crossbows
 19773 | Lair:6   | Found a staircase to the Elven Halls.
 19832 | Lair:6   | Reached skill level 8 in Crossbows
 19947 | Lair:6   | Found a runed translucent door.
 19947 | Lair:6   | Found a shimmering altar of Xom.
 19947 | Lair:6   | Identified the +1 great mace of Juith {chaos, +Blink rPois
                  | rN+ Str+3}
 19948 | Lair:6   | Noticed Galewind's ghost (journeyman AvCj)
 20966 | Lair:6   | Reached skill level 9 in Crossbows
 21946 | D:10     | Entered Level 10 of the Dungeon
 21958 | D:10     | Reached skill level 10 in Crossbows
 23020 | D:11     | Reached skill level 11 in Crossbows
 23659 | D:11     | Found a staircase to the Orcish Mines.
 23715 | D:11     | Noticed Grum
 23725 | D:11     | Killed Grum
 23928 | D:11     | Reached ****** piety under Demigod
 23929 | D:11     | Reached XP level 15. HP: 121/135 MP: 25/25
 24079 | D:11     | Found a bloodstained altar of Trog.
 24935 | D:12     | Entered Level 12 of the Dungeon
 24939 | D:12     | Noticed Nessos
 24952 | D:12     | Killed Nessos
 25250 | D:12     | Reached skill level 12 in Crossbows
 25544 | D:12     | Found a gate to the Vaults.
 25612 | D:12     | HP: 20/135 [ice dragon/blast of cold (17)]
 25766 | D:12     | Found a staircase to the Depths.
 26077 | Orc      | Entered the Orcish Mines
 26487 | Orc      | Found Fesydi Apse's Distillery.
 26863 | Orc      | Found a roughly hewn altar of Beogh.
 27051 | Orc      | Found Eladumn's Antique Weapon Emporium.
 27135 | Orc      | Noticed an orc warlord
 27187 | Orc      | Killed an orc warlord
 27188 | Orc      | Reached skill level 13 in Crossbows
 27357 | Orc      | Found a roughly hewn altar of Beogh.
 27541 | Orc      | Found Nateyngo's Antique Weapon Shoppe.
 27641 | Orc      | Found a staircase to the Slime Pits.
 27641 | Orc      | Found a viscous altar of Jiyva.
 27932 | Orc      | Found a roughly hewn altar of Beogh.
 28084 | Orc      | Found Istral's Antique Armour Emporium.
 28085 | Orc      | Found a roughly hewn altar of Beogh.
 28093 | Orc      | Found Syzof's Antique Weapon Shoppe.
 28151 | Orc      | Found a roughly hewn altar of Beogh.
 28229 | Orc      | Found a roughly hewn altar of Beogh.
 28245 | Orc      | Bought a potion of agility for 56 gold pieces
 28245 | Orc      | Bought a potion of might for 56 gold pieces
 28245 | Orc      | Bought a potion of might for 56 gold pieces
 28245 | Orc      | Bought a potion of curing for 35 gold pieces
 28245 | Orc      | Bought a potion of curing for 35 gold pieces
 28245 | Orc      | Bought a potion of might for 56 gold pieces
 28245 | Orc      | Bought a potion of curing for 35 gold pieces
 28409 | Snake:1  | Entered Level 1 of the Snake Pit
 28898 | Snake:1  | Noticed a nagaraja
 28904 | Snake:1  | Killed a nagaraja
 29129 | Snake:1  | Noticed a nagaraja
 29135 | Snake:1  | Killed a nagaraja
 29391 | Snake:1  | Found Pyam Qawu's Jewellery Emporium.
 29391 | Snake:1  | Found Bunoetua's Gadget Boutique.
 29392 | Snake:1  | Found Pusiatha's Jewellery Emporium.
 29398 | Snake:1  | Bought the amulet "Axtaev" {Acrobat Dex+6} for 928 gold
                  | pieces
 29403 | Snake:1  | Bought a wand of clouds (4) for 240 gold pieces
 30539 | Snake:1  | Reached skill level 14 in Maces & Flails
 30539 | Snake:1  | Reached skill level 14 in Crossbows
 31045 | Snake:2  | Reached XP level 16. HP: 136/143 MP: 27/27
 32438 | Snake:3  | Entered Level 3 of the Snake Pit
 33783 | Snake:3  | Found Tazycs's Food Boutique.
 34097 | Snake:3  | Reached skill level 15 in Maces & Flails
 34097 | Snake:3  | Reached skill level 15 in Crossbows
 34217 | Snake:3  | Noticed Roxanne
 34225 | Snake:3  | Killed Roxanne
 34356 | Snake:2  | HP: 21/143 [poisoned by a redback]
 34361 | Snake:2  | HP: 18/143 [poisoned by a redback]
 34367 | Snake:2  | HP: 18/143 [poisoned by a redback]
 34373 | Snake:2  | HP: 19/143 [poisoned by a redback]
 34378 | Snake:2  | HP: 21/143 [poisoned by a redback]
 34845 | Snake:3  | Reached skill level 5 in Evocations
 34848 | Snake:3  | Reached skill level 10 in Invocations
 35257 | Snake:3  | Reached skill level 7 in Armour
 35712 | Snake:3  | Reached XP level 17. HP: 150/150 MP: 28/28
 35969 | Snake:3  | Got a serpentine rune of Zot
 36020 | Snake:3  | Reached skill level 6 in Evocations
 36458 | Snake:3  | Reached skill level 8 in Armour
 37082 | Snake:3  | Reached skill level 14 in Fighting
 38015 | Shoals:1 | Entered Level 1 of the Shoals
 38108 | Shoals:1 | Reached skill level 9 in Armour
 38217 | Shoals:1 | HP: 8/152 [water nymph/the raging water (30)]
 38217 | Shoals:1 | HP: 3/152 [sea snake (5)]
 38220 | Shoals:1 | Killed from afar by a water nymph

Skill      XL: |  1  2  3  4  5  6  7  8  9 10 11 12 13 14 15 16 17 |
---------------+----------------------------------------------------+-----
Fighting       | 3 4 5 7 8 9 11 12 13 14 | 14.2
Maces & Flails | 3 4 5 7 8 9 11 12 13 14 15 | 15.0
Throwing       | 1 2 3 4 |  4.0
Evocations     | 2 4 5 6 |  6.0
Armour         | 1 4 5 6 7 9 |  9.0
Invocations    | 4 8 9 10 | 10.0
Shields        | 1 6 |  6.0
Dodging        | 4 |  4.0
Crossbows      | 5 11 14 15 | 15.0
Stealth        | |  2.0

Action                   |  1- 3 |  4- 6 |  7- 9 | 10-12 | 13-15 | 16-18 || total
-------------------------+-------+-------+-------+-------+-------+-------++-------
Melee: Mace              |   131 |       |       |       |       |       ||   131
       Flail             |       |   144 |   500 |   904 |  1021 |       ||  2569
       Punch             |       |       |     2 |     4 |    12 |       ||    18
       Dire flail        |       |       |       |       |    90 |       ||    90
       Great mace        |       |       |       |       |   311 |   170 ||   481
 Fire: Arbalest          |       |       |       |       |   273 |   379 ||   652
Throw: Javelin           |       |     8 |    14 |    29 |    95 |    13 ||   159
Invok: Heroism           |       |       |     5 |    15 |    39 |    22 ||    81
       Divine Shield     |       |       |       |     2 |     2 |     1 ||     5
       Major Destruction |       |       |       |       |     2 |       ||     2
       Temporal Distorti |       |       |       |       |       |     5 ||     5
       Growth            |       |       |       |       |       |     1 ||     1
 Abil: Evoke Flight      |       |       |       |       |       |     1 ||     1
Evoke: Wand              |       |       |       |     2 |     4 |     7 ||    13
       Sack of spiders   |       |       |       |       |     1 |       ||     1
  Use: Scroll            |     4 |     3 |     4 |    11 |    17 |     4 ||    43
       Potion            |       |       |     2 |       |     3 |     7 ||    12
 Stab: Sleeping          |     3 |       |     5 |       |       |       ||     8
       Distracted        |       |       |     2 |       |       |       ||     2
       Paralysed         |       |       |       |       |     4 |       ||     4
  Eat: Chunk             |     7 |    11 |    17 |    33 |    67 |     3 ||   138
       Ration            |       |       |     2 |     3 |     9 |    10 ||    24
Armor: Ring mail         |    19 |    15 |   188 |    55 |       |       ||   277
       Robe              |     1 |       |       |       |       |       ||     1
       Scale mail        |    27 |    50 |       |       |       |       ||    77
       Chain mail        |       |       |       |   201 |   828 |   208 ||  1237
Dodge: Dodged            |    94 |    85 |   286 |   202 |   804 |   332 ||  1803
Block: Other             |       |    31 |   137 |    88 |   452 |     4 ||   712
       Reflection        |       |       |     3 |     4 |    10 |       ||    17
       Medium shield     |       |       |       |   360 |       |       ||   360

Levels and vault maps discovered:
D:1:      amcnicky_arrival_single_pillar, layout_basic,
          kennysheep_pointless_box, glass_columns_c, hangedman_decor_lopped
D:2:      layout_loops_cross, elyvilon_altar_5
D:3:      layout_basic, minmay_tree_intersection, kennysheep_generic_room_2
D:4:      layout_loops_ring, nicolae_ru_awakened_eye,
          ebering_ghost_reflecting_pool, nrook_uturn
D:5:      lemuel_upstairs_altar, layout_cave_pools, basic_altar, first_ration,
          enter_ossuary_3, amcnicky_altar_gilded, uniq_eustachio
D:6:      layout_loops_ring, minmay_strange_pillars, uniq_prince_ribbit1,
          uniq_sigmund
D:7:      dreamdust_elfheim, layout_loops_cross, minmay_temple_entry_junction,
          grunt_livestock, kennysheep_generic_room_16, uniq_crazy_yiuf_cottage
D:8:      layout_basic
D:9:      layout_cave_pods, dpeg_lair_monsters, serial_shops, shop_fountains,
          supply_closet_lemuel
D:10:     old_forge, layout_loops_cross, kennysheep_generic_room_13
D:11:     minmay_bubble_buster, layout_basic, basic_altar, uniq_grum
D:12:     grunt_enter_depths_hoard, layout_rooms, ximxim_vaults_locker_room,
          minmay_crystal_room, uniq_nessos
Lair:1:   layout_misc_corridors, lemuel_fruit_tree, minmay_lair_oklob_chamber
Lair:2:   layout_cave_pods, hellmonk_ghost_happy_afterlife,
          infiniplex_staircase_pool, lemuel_fruit_fields, serial_bayou_shore_a
Lair:3:   layout_hall_layers, elwin_shoals_entry_rocks, gauntlet_entry_generic,
          grunt_megastairs_2
Lair:4:   layout_concentric_octagons, bhauth_snake_entry_sphinx_in_a_box,
          gammafunk_ghost_necromancy
Lair:5:   layout_small_grid
Lair:6:   hangedman_lair_caniforms_friends, layout_cave_pods, ebering_ghost_xom,
          grunt_megastairs_3, serial_bayou_shore_b
Shoals:1: layout_shoals, uniq_josephine, uniq_donald, uniq_louise
Snake:1:  layout_chambers, grunt_megastairs_5, minmay_shop_grove
Snake:2:  layout_misc_corridors
Snake:3:  snake_pit, layout_cave_town, serial_shops, shop,
          nicolae_snake_scaly_snakehead, uniq_roxanne
Orc:      grunt_orc_community_town_hall, layout_caves,
          grunt_orc_community_big_house_2, grunt_orc_community_big_house_2,
          grunt_orc_community_house_1, grunt_orc_community_house_2,
          grunt_orc_community_house_3, grunt_orc_community_house_3,
          grunt_orc_community_house_3, slime_altar_1, serial_shops, shop,
          david_defended_altar_orc

Table legend:
 A = Turns spent in this place as a percentage of turns spent in the entire game.
 B = Non-inter-level travel turns spent in this place as a percentage of non-inter-level travel turns spent in the entire game.
 C = Inter-level travel turns spent in this place as a percentage of turns spent in this place.
 D = Turns resting spent in this place as a percentage of non-inter-level travel turns spent in this place.
 E = Turns spent auto-exploring this place as a percentage of non-inter-level travel turns spent in this place.
 F = Non-inter-level travel turns spent in this place divided by the number of levels of this place that you've seen.
                   A       B       C       D       E      F
               +-------+-------+-------+-------+-------+----------------------
         Total | 100.0 | 100.0 |   6.7 |  20.6 |  56.3 | 1485.8
       Dungeon |  36.3 |  35.4 |   8.8 |   6.2 |  70.6 | 1052.9
          Lair |  30.7 |  30.2 |   8.2 |  18.2 |  54.6 | 1796.8
        Shoals |   0.5 |   0.6 |   0.5 |  77.0 |   0.0 | 204.0
     Snake Pit |  25.0 |  25.9 |   3.5 |  42.8 |  40.9 | 3073.7
  Orcish Mines |   5.7 |   6.0 |   1.6 |  18.3 |  61.0 | 2145.0
       Ossuary |   1.8 |   1.9 |   0.0 |  14.2 |  29.5 | 674.0
               +-------+-------+-------+-------+-------+----------------------

Table legend:
 A = Kills in this place as a percentage of kills in entire the game.
 B = Kills by you in this place as a percentage of kills by you in the entire game.
 C = Kills by friends in this place as a percentage of kills by friends in the entire game.
 D = Other kills in this place as a percentage of other kills in the entire game.
 E = Experience gained in this place as a percentage of experience gained in the entire game.
 F = Experience gained in this place divided by the number of levels of this place that you have seen.
                   A       B       C       D       E      F
               +-------+-------+-------+-------+-------+----------------------
         Total | 100.0 | 100.0 |   N/A | 100.0 | 100.0 | 10367.4
       Dungeon |  32.8 |  33.0 |   N/A |  14.3 |  18.0 | 3733.6
          Lair |  30.2 |  30.4 |   N/A |  14.3 |  28.2 | 11705.5
        Shoals |   0.5 |   0.5 |   N/A |   0.0 |   0.6 | 1518.0
     Snake Pit |  22.3 |  21.9 |   N/A |  71.4 |  48.6 | 40320.0
  Orcish Mines |  11.1 |  11.2 |   N/A |   0.0 |   4.2 | 10565.0
       Ossuary |   3.1 |   3.1 |   N/A |   0.0 |   0.3 | 738.0
               +-------+-------+-------+-------+-------+----------------------
